 Dungeon Crawl Stone Soup version 0.29.1-4-g47bece8355 (webtiles) character file.

Game seed: 5021982721451914397

73 Henri the Sneak (level 4, 0/21 HPs)
             Began as a Vine Stalker Enchanter on Dec 4, 2022.
             Slain by a gnoll
             ... wielding a +1 spear of venom
              (4 damage)
             ... on level 3 of the Dungeon.
             The game lasted 00:06:51 (2356 turns).

Henri the Sneak (Vine Stalker Enchanter)            Turns: 2356, Time: 00:06:52

Health: 0/21       AC:  2    Str: 16    XL:     4   Next: 27%
Magic:  0/9        EV: 12    Int: 17    God:
Gold:   68         SH:  0    Dex: 15    Spells: 0/8 levels left

rFire   . . .      SeeInvis .   a - +2 dagger
rCold   . . .      Faith    .   (no shield)
rNeg    . . .      Spirit   +   b - +0 robe
rPois   .          Reflect  .   (no helmet)
rElec   .          Harm     .   (no cloak)
rCorr   .          Rampage  .   (no gloves)
Will    .....                   (no boots)
Stlth   +++.......              (no amulet)
HPRegen 0.87/turn               f - +6 ring of strength
MPRegen 0.11/turn               (no ring)

@: lethally poisoned (0 -> -2)
A: fangs 2, regeneration 1, magic shield, antimagic bite, no potion heal 2
a: no special abilities


You were on level 3 of the Dungeon.
You visited 1 branch of the dungeon, and saw 3 of its levels.

You collected 101 gold pieces.
You spent 33 gold pieces at shops.

Inventory:

Hand Weapons
 a - a +2 dagger (weapon)
Armour
 b - a +0 robe (worn)
Jewellery
 f - a +6 ring of strength (left hand)
Wands
 m - a wand of polymorph (3)
Scrolls
 e - 2 scrolls of enchant weapon
 g - a scroll of torment {unknown}
 j - a scroll of amnesia {unknown}
 k - a scroll of identify {unknown}
 n - 2 scrolls of poison
 o - a scroll of magic mapping {unknown}
Potions
 c - 2 potions of invisibility
 d - 2 potions of flight {unknown}
 h - a potion of lignification {unknown}
 i - a potion of curing
 l - 2 potions of heal wounds {unknown}


   Skills:
 * Level 2.1 Short Blades
 - Level 1.6 Dodging
 * Level 4.6 Stealth
 + Level 2.6 Spellcasting
 + Level 3.4 Hexes


You couldn't memorise any spells.
You knew the following spells:

 Your Spells              Type           Power      Damage    Failure   Level
a - Confusing Touch       Hex            13%        N/A       13%         3
b - Ensorcelled Hibernat  Hex/Ice        16%        N/A       14%         2
c - Tukima's Dance        Hex            13%        N/A       13%         3

Your spell library contained the following spells:

 Spells                   Type           Power      Damage    Failure   Level
 Sublimation of Blood     Necr           2%         N/A       26%         2
 Wereblood                Tmut           2%         N/A       26%         2
 Dazzling Flash           Conj/Hex       16%        N/A       26%         3
 Summon Hydra             Summ           1%         N/A       100%        7


Dungeon Overview and Level Annotations

Branches:
Dungeon (3/15)

Altars:

Shops:
D:1 !


Innate Abilities, Weirdness & Mutations

You have extremely sharp teeth.
Your natural rate of healing is unusually fast.
When hurt, damage is shared between your health and your magic reserves.
Your bite disrupts and absorbs the magic of your enemies.
Potions cannot restore your health.


Message History

The jackal barely misses you.
You hit the jackal.
The jackal is severely wounded.
The jackal bites you.
You hit the jackal. Your bite misses the jackal.
The jackal is almost dead.
The jackal bites you but does no damage.
You barely miss the jackal.
The jackal is severely wounded.
The jackal closely misses you.
You hit the jackal. Your bite misses the jackal.
The jackal is almost dead.
The jackal bites you but does no damage.
You hit the jackal.
You kill the jackal!
A gnoll comes into view. It is wielding a +1 spear of venom.
You hit the jackal but do no damage. The jackal bites you.
The jackal bites you but does no damage.
Unknown command.
You hit the jackal.
The jackal is moderately wounded.
The gnoll barely misses you. The jackal bites you.
You barely miss the jackal. You bite the jackal. You drain its power.
You feel invigorated.
The jackal is heavily wounded.
The gnoll hits you from afar with a +1 spear of venom.
The jackal bites you.
You miss the jackal. You bite the jackal.
You kill the jackal!
The gnoll hits you from afar with a +1 spear of venom!
* * * LOW HITPOINT WARNING * * *
You are poisoned.
The air fills with toxic fumes!
As you read the scroll labelled IPREETI QUKKIR, it crumbles to dust.
It was a scroll of poison.
* * * LOW HITPOINT WARNING * * *
You feel very sick. The jackal closely misses you.
The gnoll hits you from afar with a +1 spear of venom.
You die...

..........#..............
.....§§§..#§###§§§##.#.#
......§§§.#§#.§§§.#....
.......§§.#§#.§§...#.#.#
.....h.h§§#§#§§.........
.:.....h.§#§#§.....#.#.#.
..........§S§....<.......
#.#########h########.#.#.
. ##@#...... ... #§§§g§§#
#.# #§§§§§§§§§ #§§§§§§§#§
#§§§§§§§# #§§§§§§§#
#§§§§§§## §§§§§§§§
.#+##.###


You could see a gnoll, a jackal and a ball python.

Vanquished Creatures
  An adder (D:2)
  2 dart slugs
  An orc (D:2)
  4 endoplasms
  5 giant cockroaches
  7 goblins
  5 hobgoblins
  5 jackals
  5 ball pythons
  3 bats
  8 kobolds
  3 rats
49 creatures vanquished.

Vanquished Creatures (others)
  4 toadstools (D:1)
4 creatures vanquished.

Grand Total: 53 creatures vanquished

Notes
Turn   | Place    | Note
-------+----------+-------------------------------------------
     0 | D:1      | Henri the Vine Stalker Enchanter began the quest for the
                  | Orb.
     0 | D:1      | Reached XP level 1. HP: 9/9 MP: 4/4
    27 | D:1      | Reached skill level 1 in Short Blades
   313 | D:1      | Reached XP level 2. HP: 13/13 MP: 6/6
   316 | D:1      | Learned a level 2 spell: Ensorcelled Hibernation
   488 | D:1      | Reached skill level 4 in Stealth
   535 | D:1      | Found Kuso Eck's Distillery.
   929 | D:1      | Bought a potion of curing for 33 gold pieces
  1087 | D:2      | Reached XP level 3. HP: 16/16 MP: 7/7
  1091 | D:2      | Learned a level 3 spell: Confusing Touch
  1946 | D:2      | Found a faded altar of an unknown god.
  2066 | D:2      | Gained mutation: Your natural rate of healing is unusually
                  | fast. [Vine Stalker growth]
  2066 | D:2      | Reached XP level 4. HP: 16/21 MP: 6/8
  2080 | D:2      | Learned a level 3 spell: Tukima's Dance
  2356 | D:3      | Slain by a gnoll

Illustrated notes

Levels and vault maps discovered:
D:1:      ldierk_walled_garden_2, layout_loops_cross, serial_shops,
          nicolae_shop_behind_doors
D:2:      minmay_alternating_diamond, layout_loops_ring,
          shapermc_ecumenical_altar_mp_vishouse
D:3:      layout_basic, serial_shops, shop, st_stairs_12

Skill      XL: |  1  2  3 |
---------------+----------+-----
Short Blades   | 1 2 |  2.1
Stealth        | 4 |  4.6
Dodging        | |  1.6
Spellcasting   | |  2.6
Hexes          | |  3.4

Action                   |  1- 3 |  4- 6 || total
-------------------------+-------+-------++-------
Melee: Dagger            |   109 |    53 ||   162
       Bite              |    27 |    13 ||    40
       Punch             |     3 |       ||     3
 Cast: Ensorcelled Hiber |     3 |       ||     3
  Use: Scroll            |     1 |     1 ||     2
 Stab: Sleeping          |    11 |       ||    11
Armor: Robe              |    16 |     9 ||    25
Dodge: Dodged            |    64 |    40 ||   104
